 Dungeon Crawl Stone Soup version 0.28-a0-1236-gb25a51b929 (webtiles) character file.

Game seed: 5084314882039722931

135 Sabo the Chiller (level 4, -1/31 HPs)
             Began as a Demonspawn Ice Elementalist on Dec 25, 2021.
             Was a Follower of Qazlal.
             Slain by an ice beast (2 damage)
             ... on level 3 of the Dungeon.
             The game lasted 00:16:53 (3769 turns).

Sabo the Chiller (Demonspawn Ice Elementalist)      Turns: 3769, Time: 00:16:54

Health: -1/31      AC:  2    Str:  9    XL:     4   Next: 97%
Magic:  7/8        EV: 12    Int: 18    God:    Qazlal [*.....]
Gold:   133        SH:  6    Dex: 13    Spells: 8/9 levels left

rFire   + . .      SeeInvis .   k - +3 quarterstaff (chaos)
rCold   + . .      Faith    .   (shield currently unavailable)
rNeg    . . .      Spirit   .   j - +0 robe
rPois   .          Reflect  .   (helmet restricted)
rElec   .          Harm     .   d - scarf {rC+ rF+}
rCorr   .          Rampage  .   (no gloves)
Will    .....                   (no boots)
Stlth   ++........              (no amulet)
HPRegen 0.10/turn               (no ring)
MPRegen 0.11/turn               (no ring)

@: no status effects
A: antennae 1, large bone plates 1, powered by pain 1
a: Renounce Religion


You were on level 3 of the Dungeon.
You worshipped Qazlal.
Qazlal was aware of your devotion.
You visited 1 branch of the dungeon, and saw 3 of its levels.

You collected 133 gold pieces.

Inventory:

Hand Weapons
 g - a +0 hunting sling
 h - a +0 short sword
 k - a +3 quarterstaff of chaos (weapon)
Missiles
 c - 42 stones
 f - 15 arrows
Armour
 d - a scarf of resistance (worn)
 j - a +0 robe (worn)
 l - a +0 cloak
Scrolls
 b - a scroll of teleportation {unknown}
 e - a scroll of identify {unknown}
Potions
 a - a potion of curing {unknown}
 i - a potion of ambrosia {unknown}


   Skills:
 + Level 0.3 Fighting
 + Level 0.7 Short Blades
 + Level 2.4 Dodging
 + Level 2.0 Stealth
 + Level 0.2 Shields
 + Level 3.1 Spellcasting
 + Level 4.5 Ice Magic


You had 8 spell levels left.
You knew the following spells:

 Your Spells              Type           Power      Damage    Failure   Level
a - Freeze                Ice            76%        1d9       2%          1

Your spell library contained the following spells:

 Spells                   Type           Power      Damage    Failure   Level
 Frozen Ramparts          Ice            38%        1d5       8%          3
 Ozocubu's Armour         Ice            19%        N/A       8%          3
 Hailstorm                Conj/Ice       10%        3d5       54%         4


Dungeon Overview and Level Annotations

Branches:
Dungeon (3/15)

Altars:
Qazlal


Innate Abilities, Weirdness & Mutations

You have a pair of small antennae on your head.
You are partially covered in large bone plates. (SH +4)
You sometimes gain a little power by taking damage.


Message History

Aiming: Freeze (safe; 2% risk of failure)
Press: ? - help, Shift-Dir - straight line, f/p - goblin
Aim: a goblin, wielding a +2 dagger of venom (heavily wounded)
You freeze the goblin.
You kill the goblin!
Qazlal accepts your kill.
You feel sick.
You feel sick.
You feel sick.
You feel sick.
You feel sick.
You feel sick.
You are no longer poisoned.
You start resting.
Magic restored.
You start resting.
An ice beast is nearby!
An ice beast is nearby!
Casting: Freeze (safe; 2% risk of failure)
Confirm with . or Enter, or press ? or * to list all spells.
Aiming: Freeze (safe; 2% risk of failure)
Press: ? - help, Shift-Dir - straight line, f - ice beast
Aim: an ice beast You freeze the ice beast but do no damage.
The ice beast completely resists.
The ice beast hits you. The ice beast freezes you. You resist.
You hit the ice beast.
The ice beast is lightly wounded.
The ice beast misses you. The ice beast hits you. The ice beast freezes you.
You resist.
You hit the ice beast but do no damage.
The ice beast is lightly wounded.
The ice beast hits you.
* * * LOW HITPOINT WARNING * * *
The ice beast freezes you. You resist.
* * * LOW HITPOINT WARNING * * *
You hit the ice beast.
The ice beast is lightly wounded.
The ice beast hits you.
You die...

#.. #.......# #...
#######.# #..$ #.######
###...###### #.#.....
...........# ##.#.†..<
...........# #........
.......†)..#
######..#.....
##.....###.#
#.......#..... #..... #@#
#.......###### #..... #Y#
#.........## #..... #.#
#..........# #.....
#.###......##..# #.....
#...Y......##..# .$..Y.
#####.......#..#
#.#######.....#.#..#
.#..#....#..)..........###
.......<...#.####.........


You could see an ice beast.

Vanquished Creatures
  Crazy Yiuf (D:2)
  Jessica (D:2)
  2 adders
  A worm (D:3)
  A dart slug (D:3)
  5 ball pythons (D:1)
  5 bats
  6 endoplasms
  A giant cockroach (D:2)
  7 goblins
  5 hobgoblins
  3 jackals (D:2)
  3 quokkas (D:1)
  3 frilled lizards (D:1)
  5 kobolds
  5 rats
54 creatures vanquished.

Vanquished Creatures (others)
  A fungus (D:2)
1 creature vanquished.

Grand Total: 55 creatures vanquished

Notes
Turn   | Place    | Note
-------+----------+-------------------------------------------
     0 | D:1      | Sabo the Demonspawn Ice Elementalist began the quest for
                  | the Orb.
     0 | D:1      | Reached XP level 1. HP: 13/13 MP: 3/3
   204 | D:1      | Gained mutation: You have a pair of small antennae on your
                  | head. [demonic ancestry]
   204 | D:1      | Reached XP level 2. HP: 17/19 MP: 0/5
   443 | D:1      | Reached skill level 4 in Ice Magic
  1133 | D:1      | Gained mutation: You are partially covered in large bone
                  | plates. (SH +4) [demonic ancestry]
  1133 | D:1      | Reached XP level 3. HP: 24/24 MP: 3/6
  1463 | D:2      | Found a faded altar of an unknown god.
  1467 | D:2      | Prayed at the altar of an unknown god.
  1467 | D:2      | Became a worshipper of Qazlal Stormbringer
  1467 | D:2      | Reached * piety under Qazlal
  1680 | D:2      | Noticed Jessica
  1730 | D:2      | Killed Jessica
  1984 | D:2      | Gained mutation: You sometimes gain a little power by
                  | taking damage. [demonic ancestry]
  1984 | D:2      | Reached XP level 4. HP: 30/30 MP: 8/8
  3162 | D:2      | Found a runed translucent door.
  3163 | D:2      | Noticed Crazy Yiuf
  3171 | D:2      | Killed Crazy Yiuf
  3248 | D:3      | Noticed an ice beast
  3768 | D:3      | HP: 1/31 [ice beast (6)]
  3769 | D:3      | Slain by an ice beast

Illustrated notes

Levels and vault maps discovered:
D:1:      dpeg_arrival_pond, layout_rooms
D:2:      layout_basic, nicolae_ecumenical_pavilion, uniq_crazy_yiuf_cottage,
          uniq_jessica
D:3:      layout_loops_cross

Skill      XL: |  1  2  3  4 |
---------------+-------------+-----
Dodging        | 2 |  2.4
Ice Magic      | 4 |  4.5
Spellcasting   | 3 |  3.1
Stealth        | 2 |  2.0
Fighting       | |  0.3
Short Blades   | |  0.7
Shields        | |  0.2

Action                   |  1- 3 |  4- 6 || total
-------------------------+-------+-------++-------
Melee: Dagger            |    35 |       ||    35
       Short sword       |    18 |    43 ||    61
       Quarterstaff      |       |    13 ||    13
 Cast: Freeze            |    41 |    18 ||    59
Armor: Robe              |    14 |     9 ||    23
Dodge: Dodged            |    56 |    21 ||    77
Block: Other             |     2 |    15 ||    17

Table legend: (Time is in decaauts)
 A = Elapsed time spent in this place.
 B = Non-inter-level travel time spent in this place.
 C = Inter-level travel time spent in this place.
 D = Time resting spent in this place.
 E = Time spent auto-exploring this place.
 F = Levels seen in this place.
 G = Mean time per level.
                   A        B        C        D        E       F      G
               +--------+--------+--------+--------+--------+-----+--------+
         Total |   3776 |   3776 |      0 |   1676 |      0 |   3 | 1258.7 |
       Dungeon |   3776 |   3776 |      0 |   1676 |      0 |   3 | 1258.7 |
               +--------+--------+--------+--------+--------+-----+--------+

Top non-repeatable levels by time:
     D:2: 1816 daAuts
     D:1: 1462 daAuts
     D:3: 497 daAuts
